 Dungeon Crawl Stone Soup version 0.20-a0-785-g17250f0 (webtiles) character file.

752 Alarkh the Magician (level 7, -11/46 HPs)
             Began as a Mummy Summoner on Feb 27, 2017.
             Mangled by a gnoll
             ... wielding a +0 spear
              (12 damage)
             ... on level 6 of the Dungeon.
             The game lasted 00:11:02 (6444 turns).

Alarkh the Magician (Mummy Summoner)                Turns: 6444, Time: 00:11:04

Health: -11/46     AC:  1    Str: 11    XL:     7   Next: 49%
Magic:  12/18      EV: 17    Int: 17    God:
Gold:   99         SH:  0    Dex: 12    Spells: 10/21 levels left

rFire    x . .     SeeInvis .   a - +4 mace
rCold    + . .     Gourm    .   n - +0 robe
rNeg     + + +     Faith    .   (no shield)
rPois    ∞         Spirit   .   (no helmet)
rElec    .         Reflect  .   i - -2 cloak (curse)
rCorr    .         Harm     .   (no gloves)
MR       .....                  (no boots)
Stlth    ++........             (no amulet)
Regen    0.2/turn               (no ring)
MPRegen  0.2/turn               m - +5 ring of evasion

@: no status effects
A: no food or potions, fire vulnerability, cold resistance 1, negative energy
resistance 3, torment resistance, unbreathing
a: no special abilities


You were on level 6 of the Dungeon.
You were not hungry.

You visited 1 branch of the dungeon, and saw 6 of its levels.

You collected 99 gold pieces.

Inventory:

Hand Weapons
 a - a +4 mace (weapon)
 c - a +0 mace
Armour
 i - a cursed -2 cloak (worn)
 l - a +0 buckler
 n - a +0 robe (worn)
Jewellery
 m - a +5 ring of evasion (left hand)
Scrolls
 d - 4 scrolls of random uselessness
 e - 2 scrolls of identify
 f - 4 scrolls of teleportation
 g - a scroll of fear
 h - a scroll of remove curse {unknown}
 j - a scroll of noise
 k - a scroll of fog {unknown}
Books
 b - a book of Callings

   Spells                             Type                      Level
   a - Summon Small Mammal            Summoning                    1
   b - Call Imp                       Summoning                    2
   c - Call Canine Familiar           Summoning                    3
   d - Summon Guardian Golem          Hexes/Summoning              3
   e - Summon Lightning Spire         Summoning/Air                4
   f - Summon Ice Beast               Ice/Summoning                4


   Skills:
 - Level 1.5 Dodging
 - Level 1.5 Stealth
 + Level 7.6 Spellcasting
 * Level 5.9 Summonings


You had 10 spell levels left.
You knew the following spells:

 Your Spells              Type           Power        Failure   Level  Hunger
a - Call Canine Familiar  Summ           ####....     3%          3    N/A
b - Summon Small Mammal   Summ           ####         1%          1    N/A
c - Summon Guardian Gole  Hex/Summ       ###.....     12%         3    N/A
d - Summon Ice Beast      Ice/Summ       ###.....     38%         4    N/A

Dungeon Overview and Level Annotations

Branches:
Dungeon (6/15)
 Temple: D:4-7

Altars:


Innate Abilities, Weirdness & Mutations

You do not eat or drink.
Your flesh is vulnerable to fire.
You are immune to poison.
Your flesh is cold resistant. (rC+)
You are immune to negative energy. (rN+++)
You are immune to unholy pain and torment.
You can survive without breathing.


Message History

Your hound completely misses the gnoll.
The gnoll misses you.
Your hound bites the gnoll.
The gnoll misses your hound. The gnoll hits you but does no damage.
You sock the gnoll!
The gnoll is severely wounded.
Your hound closely misses the gnoll. x2
The gnoll completely misses your hound.
The gnoll zaps a wand.
You are blasted!
* * * LOW HITPOINT WARNING * * *
Your hound barely misses the gnoll.
You are too injured to fight recklessly!
The gnoll hits your hound with a flail!
Your hound bites the gnoll but does no damage.
Casting: Call Canine Familiar
Confirm with . or Enter, or press ? or * to list all spells.
The gnoll hits you with a spear!
* * * LOW HITPOINT WARNING * * *
Unknown command.
Your hound bites the gnoll.
The gnoll hits you from afar with a spear!
You die...

#..###.#.#.# #.#..###.#.#.#
#..........#.#
#.#..###.#.#.# .#
#.........#.#.#####.#
##........<........#.+
.............(..###.#.#
................# #.#.#
#.........@..h## #.#.#
.#......###.#g.####.#.#
............§..)......#
.........##g...####.#.#
.##......)..#..####.#.######
.........##.................
.$##.###.####..##..†........
.. #.# #...#.#.##.#.... .
#.# #.........o#.###


You could see 2 gnolls and a friendly hound.

Vanquished Creatures
  A wight (D:5)
  An orc priest (D:3)
  An adder skeleton (D:5)
  2 dart slugs
  2 orcs
  4 giant cockroaches
  5 goblins
  2 hobgoblins
  5 jackals
  6 kobolds
  2 quokkas (D:3)
  10 bats
  3 frilled lizards
  4 rats
48 creatures vanquished.

Vanquished Creatures (collateral kills)
  A hornet zombie (D:5)
  An ogre (D:3)
  2 phantoms (D:4)
  A scorpion (D:6)
  3 wights (D:5)
  A howler monkey (D:5)
  A crimson imp (D:6)
  The ghost of nono the Chucker, a weakling VSHu (D:3)
  A hound (D:4)
  A centaur skeleton (D:4)
  An orc priest (D:3)
  An iguana (D:6)
  An orc wizard (D:6)
  4 worker ants
  4 adders
  2 gnolls
  2 oozes
  3 worms
  3 dart slugs
  2 leopard geckos
  9 orcs (D:3)
  A bat (D:1)
  A giant cockroach (D:1)
  3 hobgoblins
  3 jackals
  3 frilled lizards
  9 goblins
  4 kobolds
  3 rats (D:3)
72 creatures vanquished.

Vanquished Creatures (others)
  An ice beast (D:5)
1 creature vanquished.

Grand Total: 121 creatures vanquished

Notes
Turn   | Place    | Note
-------+----------+-------------------------------------------
     0 | D:1      | Alarkh the Mummy Summoner began the quest for the Orb.
     0 | D:1      | Reached XP level 1. HP: 13/13 MP: 4/4
   163 | D:1      | Reached skill level 3 in Spellcasting
   328 | D:1      | Reached XP level 2. HP: 17/19 MP: 6/6
  1395 | D:2      | Reached XP level 3. HP: 18/24 MP: 6/8
  1400 | D:2      | Learned a level 3 spell: Call Canine Familiar
  1855 | D:2      | Reached skill level 4 in Spellcasting
  1909 | D:2      | Reached XP level 4. HP: 10/30 MP: 6/10
  2313 | D:3      | Noticed nono's ghost (weakling VSHu)
  2324 | D:3      | Killed nono's ghost
  2868 | D:3      | Reached XP level 5. HP: 31/35 MP: 8/12
  2877 | D:3      | Learned a level 3 spell: Summon Guardian Golem
  2882 | D:3      | Learned a level 4 spell: Summon Ice Beast
  2902 | D:3      | Noticed an ogre
  2911 | D:3      | Reached skill level 5 in Spellcasting
  2925 | D:3      | Killed an ogre
  3901 | D:4      | Noticed a phantom
  3961 | D:4      | Killed a phantom
  3961 | D:4      | Reached XP level 6. HP: 33/41 MP: 7/14
  3981 | D:4      | Reached skill level 5 in Summonings
  4197 | D:5      | Entered Level 5 of the Dungeon
  4338 | D:5      | Noticed an ice beast
  4382 | D:5      | Killed an ice beast
  4382 | D:5      | Reached skill level 6 in Spellcasting
  5488 | D:5      | Reached XP level 7. HP: 39/46 MP: 13/17
  5562 | D:5      | Reached skill level 7 in Spellcasting
  6443 | D:6      | HP: 1/46 [gnoll/spear (11)]
  6444 | D:6      | Mangled by a gnoll

Vault maps used:
D:1:      onia_arrival_mini_maze_b
D:2:      first_bread, minmay_unequal
D:3:      minmay_misc_feat_hallway, st_stairs_10, minmay_statues_item,
          minmay_ogre_servants
D:4:      minmay_crystal_water
D:6:      okawaru_ov_weapons_minmay

Skill      XL: |  1  2  3  4  5  6  7 |
---------------+----------------------+-----
Spellcasting   | 3 4 5 6 7 |  7.6
Summonings     | 4 5 |  5.9
Dodging        | |  1.5
Stealth        | |  1.5

Action                   |  1- 3 |  4- 6 |  7- 9 || total
-------------------------+-------+-------+-------++-------
Melee: Mace              |    91 |   130 |    30 ||   251
       Unarmed           |     5 |       |       ||     5
 Cast: Summon Small Mamm |    44 |    21 |     6 ||    71
       Call Canine Famil |     8 |    35 |    17 ||    60
       Summon Guardian G |       |     1 |       ||     1
  Use: Scroll            |     2 |     1 |     1 ||     4
 Stab: Sleeping          |     3 |     1 |       ||     4
       Distracted        |       |     1 |       ||     1
Armor: Robe              |    28 |    15 |       ||    43
Dodge: Dodged            |    98 |   103 |    38 ||   239
